 Dungeon Sprint DCSS version 0.17-a0-1651-gae1a69f (webtiles) character file.

9432 Kidiri the Unseen (level 11, -11/47 HPs)
             Began as a Spriggan Enchanter on Aug 14, 2015.
             Was the Champion of Dithmenos.
             Mangled by an anaconda (14 damage)
             ... in the Dungeon (Sprint III: "The Ten Rune Challenge").
             The game lasted 00:12:36 (3035 turns).

Kidiri the Unseen (Spriggan Enchanter)              Turns: 3035, Time: 00:12:36

Health: -11/47     AC:  3    Str:  6    XL:     11   Next: 23%
Magic:  17/29      EV: 33    Int: 18    God:    Dithmenos [******]
Gold:   26         SH:  0    Dex: 19    Spells: 10 memorised, 3 levels left

rFire  . . .     SeeInvis +     a - +1 dagger
rCold  . . .     Clarity  .     b - +1 robe
rNeg   . . .     SustAt   .     (shield restricted)
rPois  .         Gourm    .     (helmet restricted)
rElec  +         Spirit   .     (no cloak)
rCorr  .         Warding  .     (gloves unavailable)
rMut   .         NoTele   +     (boots unavailable)
MR     +....                    (no amulet)
Stlth  ++++++++++               (no ring)
                                (no ring)

@: wreathed by umbra, very quick, somewhat resistant to hostile enchantments,
uncannily stealthy
A: unfitting armour, see invisible, blink 2, herbivore 3, speed 3, electricity
resistance, slow healing 1, slow metabolism 2, strong 1, evolution 1
a: Blink, Shadow Step, Shadow Form, Renounce Religion


You were in the Dungeon.
You worshipped Dithmenos.
Dithmenos was exalted by your worship.
You were full.

You visited 1 branch You collected 26 gold pieces.

Inventory:

Hand weapons
 a - a +1 dagger (weapon)
Missiles
 f - 10 throwing nets (quivered)
Armour
 b - a +1 robe (worn)
Scrolls
 j - a scroll of blinking
 k - 2 scrolls of remove curse
 m - a scroll of holy word
 q - a scroll of immolation {unknown}
Potions
 g - a potion of haste
 h - a potion of magic
 o - 2 potions of cure mutation
 p - 3 potions of flight
Books
 i - a book of the Warp

   Spells                             Type                      Level
   a - Recall                         Summoning/Translocation      3
   b - Gell's Gravitas                Hexes/Translocation          3
   c - Force Lance                    Conjuration/Translocation    4
   d - Phase Shift                    Translocation                5
   e - Warp Weapon                    Charms/Translocation         5
   f - Summon Forest                  Summoning/Translocation      5
Comestibles
 c - 26 royal jellies
 d - a bread ration
 l - 6 fruits


   Skills:
 + Level 9.0 Short Blades
 * Level 16.1 Dodging
 * Level 17.8 Stealth
 * Level 13.9 Spellcasting
 + Level 6.1 Conjurations
 + Level 10.6 Hexes
 + Level 4.4 Charms
 + Level 2.5 Summonings
 + Level 10.0 Translocations
 + Level 7.0 Ice Magic
 - Level 4.6 Invocations


You had 3 spell levels left.
You knew the following spells:

 Your Spells              Type           Power        Failure   Level  Hunger
a - Corona                Hex            ######.      1%          1    None
b - Ensorcelled Hibernat  Hex/Ice        #####.       1%          2    None
c - Confuse               Hex            ######..     1%          3    None
d - Tukima's Dance        Hex            ######..     1%          3    None
e - Dazzling Spray        Conj/Hex       #####...     1%          3    None
f - Gell's Gravitas       Hex/Tloc       #####.....   1%          3    None
g - Force Lance           Conj/Tloc      #####...     1%          4    None
h - Phase Shift           Tloc           #####.....   2%          5    ####...
i - Summon Forest         Summ/Tloc      #####.....   14%         5    ####...
j - Warp Weapon           Chrm/Tloc      #####.....   10%         5    ####...


Dungeon Overview and Level Annotations

Branches:
Dungeon (1/1)

Altars:
Cheibriados
Dithmenos
Elyvilon
Fedhas
Gozag
Kikubaaqudgha
Makhleb
Nemelex Xobeh
Okawaru
Qazlal
Ru
Sif Muna
Trog
Vehumet
Xom
Yredelemnul
Zin
The Shining One
Jiyva
Lugonu


Innate Abilities, Weirdness & Mutations

You are tiny and cannot use many weapons and most armour.
You have supernaturally acute eyesight.
You are a herbivore.
You cover ground extremely quickly.
You need consume almost no food.
You are good at translocating small distances at will.
You are resistant to electric shocks.
You heal slowly when monsters are visible.
Your muscles are strong. (Str +2)
You evolve.


Message History

There is an open door here.
Casting: Confuse
Confirm with . or Enter, or press ? or * to list all spells.
Aiming: Ensorcelled Hibernation
Press: ? - help, Shift-Dir - straight line, f/p - anaconda
Aim: an anaconda (umbra, chance to defeat MR: 51%)
The anaconda resists with some effort.
Your shadow mimicks your spell!
The anaconda easily resists.
The anaconda completely misses you. The anaconda completely misses you. x2
The anaconda misses you.
Casting: Ensorcelled Hibernation
Confirm with . or Enter, or press ? or * to list all spells.
Aiming: Confuse
Press: ? - help, Shift-Dir - straight line, f/p - anaconda
Aim: an anaconda (umbra, chance to defeat MR: 55%)
The anaconda resists with significant effort.
The anaconda completely misses you. x3
The anaconda bites you!
You die...

..#......#+###__#...##.#.)#.##.##
##.#.....#.):#__#...'##.#.#.##%#)
#####....#___#_.+...#...#..#..##.
▓ ▓▓▓▓▓▓▓▓▓▓▓▓▓▓▓▓▓▓▓▓▓▓▓▓▓▓▓▓▓
♣♣≈≈≈........≈≈≈..
+♣♣'♣≈≈≈≈≈≈≈≈≈≈≈≈♣♣.
#.≈♣♣♣♣♣♣♣♣♣♣♣♣♣♣♣♣P #..♣♣ ♣♣
###@♣♣♣♣♣♣♣♣♣♣♣♣♣♣♣
♣♣♣♣S##..##≈≈≈≈≈≈..#
♣%..##%##.#≈≈≈≈≈§..#
♣♣.##%##.##'≈≈≈§§####
♣..#.##...#≈≈..§.§§§
♣♣.##.##.)#≈..+#####
♣♣.##.#####...#....)
♣.....##SS....#♣♣♣._
########S###### ###


You could see an anaconda.

Vanquished Creatures
  Maud (D)
  Erolcha (D)
  A death drake (D)
  A spriggan druid (D)
  A lindwurm (D)
  2 spiny frogs (D)
  A komodo dragon (D)
  A queen bee (D)
  A deep elf priest (D)
  3 wandering mushrooms (D)
  2 trapdoor spiders (D)
  4 redbacks (D)
  2 spriggans (D)
  A shadow (D)
  2 hill giants (D)
  A spatial vortex (D)
  A necrophage (D)
  3 two-headed ogres (D)
  2 brain worms (D)
  A water elemental (D)
  32 killer bees (D)
  A wizard (D)
  A jelly (D)
  A necromancer (D)
  A kobold demonologist (D)
  3 humans (D)
  2 oozes (D)
  A phantom (D)
  2 rats (D)
  A ballistomycete (D)
  A giant spore (D)
78 creatures vanquished.

Vanquished Creatures (others)
  2 draconian scorchers (D)
  2 hydras (D)
  2 yaktaurs (D)
  An electric eel (D)
7 creatures vanquished.

Grand Total: 85 creatures vanquished

Notes
Turn   | Place    | Note
--------------------------------------------------------------
     0 | D        | Kidiri the Spriggan Enchanter began the quest for the Orb.
     0 | D        | Reached XP level 1. HP: 9/9 MP: 5/5
     9 | D        | Reached skill level 5 in Stealth
    11 | D        | Reached XP level 2. HP: 13/13 MP: 5/7
    15 | D        | Learned a level 2 spell: Ensorcelled Hibernation
    19 | D        | Killed a yaktaur
   185 | D        | Killed a white draconian scorcher
   359 | D        | Killed a white draconian scorcher
   463 | D        | Reached skill level 6 in Stealth
   463 | D        | Reached skill level 1 in Ice Magic
   463 | D        | Reached XP level 3. HP: 8/16 MP: 0/10
   621 | D        | Learned a level 3 spell: Confuse
   625 | D        | Learned a level 3 spell: Tukima's Dance
   710 | D        | Noticed a water elemental
   731 | D        | Gained mutation: You heal slowly when monsters are visible. [potion of mutation]
   731 | D        | Gained mutation: You can translocate small distances at will. [potion of mutation]
   731 | D        | Gained mutation: You are good at translocating small distances at will. [potion of mutation]
   732 | D        | Gained mutation: Your magical capacity is low (-10% MP). [potion of mutation]
   732 | D        | Gained mutation: You are resistant to electric shocks. [potion of mutation]
   732 | D        | Gained mutation: You evolve. [potion of mutation]
   759 | D        | Killed a water elemental
   759 | D        | Reached skill level 7 in Stealth
   759 | D        | Reached skill level 5 in Spellcasting
   759 | D        | Reached skill level 5 in Hexes
   759 | D        | Reached XP level 4. HP: 21/21 MP: 9/11
   798 | D        | Learned a level 3 spell: Dazzling Spray
   822 | D        | Noticed a jelly
   823 | D        | Noticed a shadow
   825 | D        | Killed a shadow
   825 | D        | Reached skill level 8 in Dodging
   825 | D        | Reached skill level 9 in Stealth
   825 | D        | Reached skill level 1 in Conjurations
   825 | D        | Reached XP level 5. HP: 24/24 MP: 12/14
   829 | D        | Killed a jelly
   834 | D        | Found a stormy altar of Qazlal.
   834 | D        | Noticed a spatial vortex
   835 | D        | Found a sacrificial altar of Ru.
   835 | D        | Found a burning altar of Makhleb.
   835 | D        | Found a viscous altar of Jiyva.
   835 | D        | Found a shimmering altar of Xom.
   835 | D        | Found a shadowy altar of Dithmenos.
   835 | D        | Found a sparkling altar of Nemelex Xobeh.
   835 | D        | Found a corrupted altar of Lugonu.
   835 | D        | Found an opulent altar of Gozag.
   840 | D        | Became a worshipper of Dithmenos the Shadowed
   841 | D        | Killed a spatial vortex
   841 | D        | Reached skill level 10 in Stealth
   841 | D        | Reached skill level 1 in Invocations
   841 | D        | Reached XP level 6. HP: 28/28 MP: 11/16
   894 | D        | Found a radiant altar of Vehumet.
   895 | D        | Found a deep blue altar of Sif Muna.
   895 | D        | Found an ancient bone altar of Kikubaaqudgha.
   895 | D        | Noticed a wizard
   896 | D        | Killed a wizard
   913 | D        | Learned a level 3 spell: Gell's Gravitas
   918 | D        | Learned a level 4 spell: Force Lance
   923 | D        | Found a glowing silver altar of Zin.
   924 | D        | Found a glowing golden altar of the Shining One.
   924 | D        | Found a white marble altar of Elyvilon.
   924 | D        | Noticed a deep elf priest
   926 | D        | Killed a deep elf priest
   926 | D        | Reached skill level 5 in Short Blades
   926 | D        | Reached skill level 10 in Dodging
   926 | D        | Reached skill level 11 in Stealth
   926 | D        | Reached XP level 7. HP: 32/32 MP: 16/18
   937 | D        | Found an iron altar of Okawaru.
   938 | D        | Found a bloodstained altar of Trog.
   938 | D        | Noticed a human
   938 | D        | Noticed a human
   944 | D        | Killed a human
   944 | D        | Reached skill level 12 in Stealth
   956 | D        | Killed a human
   956 | D        | Acquired Dithmenos's first power
  1056 | D        | Learned a level 5 spell: Phase Shift
  1056 | D        | Found a snail-covered altar of Cheibriados.
  1056 | D        | Noticed a necrophage
  1057 | D        | Found a basalt altar of Yredelemnul.
  1057 | D        | Found a blossoming altar of Fedhas.
  1057 | D        | Noticed a necromancer
  1058 | D        | Killed a necrophage
  1059 | D        | Killed a necromancer
  1059 | D        | Reached XP level 8. HP: 36/36 MP: 20/20
  1078 | D        | Noticed a two-headed ogre
  1078 | D        | Noticed a two-headed ogre
  1082 | D        | Killed a two-headed ogre
  1084 | D        | Killed a two-headed ogre
  1084 | D        | Acquired Dithmenos's second power
  1084 | D        | Reached skill level 10 in Spellcasting
  1087 | D        | Noticed a two-headed ogre
  1088 | D        | Killed a two-headed ogre
  1093 | D        | Noticed a hill giant
  1096 | D        | Killed a hill giant
  1096 | D        | Reached skill level 13 in Stealth
  1157 | D        | Noticed a hill giant
  1157 | D        | Noticed Erolcha
  1159 | D        | Killed Erolcha
  1159 | D        | Acquired Dithmenos's third power
  1159 | D        | Reached skill level 5 in Translocations
  1159 | D        | Reached skill level 5 in Ice Magic
  1159 | D        | Reached XP level 9. HP: 39/39 MP: 22/22
  1160 | D        | Killed a hill giant
  1160 | D        | Reached skill level 14 in Stealth
  1266 | D        | Noticed a redback
  1271 | D        | Killed a redback
  1282 | D        | Noticed a trapdoor spider
  1295 | D        | Killed a trapdoor spider
  1421 | D        | Noticed a trapdoor spider
  1425 | D        | Killed a trapdoor spider
  1453 | D        | Gained mutation: Your muscles are strong. (Str +2) [evolution]
  1501 | D        | Noticed a killer bee
  1501 | D        | Noticed a killer bee
  1501 | D        | Noticed a killer bee
  1501 | D        | Noticed a killer bee
  1501 | D        | Noticed a killer bee
  1501 | D        | Noticed a killer bee
  1501 | D        | Noticed a killer bee
  1501 | D        | Noticed a killer bee
  1501 | D        | Noticed a killer bee
  1501 | D        | Noticed a killer bee
  1501 | D        | Noticed a killer bee
  1501 | D        | Noticed a killer bee
  1501 | D        | Noticed a killer bee
  1501 | D        | Noticed a killer bee
  1501 | D        | Noticed a killer bee
  1502 | D        | Noticed a killer bee
  1502 | D        | Noticed a killer bee
  1502 | D        | Noticed a killer bee
  1502 | D        | Noticed a killer bee
  1502 | D        | Noticed a killer bee
  1502 | D        | Noticed a killer bee
  1502 | D        | Noticed a queen bee
  1502 | D        | Noticed a killer bee
  1502 | D        | Noticed a killer bee
  1502 | D        | Noticed a killer bee
  1502 | D        | Noticed a killer bee
  1502 | D        | Noticed a killer bee
  1502 | D        | Noticed a killer bee
  1502 | D        | Noticed a killer bee
  1502 | D        | Noticed a killer bee
  1502 | D        | Noticed a killer bee
  1502 | D        | Noticed a killer bee
  1502 | D        | Noticed a killer bee
  1503 | D        | Killed a killer bee
  1504 | D        | Killed a killer bee
  1506 | D        | Killed a killer bee
  1506 | D        | Acquired Dithmenos's fourth power
  1509 | D        | Killed a killer bee
  1512 | D        | Killed a killer bee
  1516 | D        | Killed a killer bee
  1520 | D        | Killed a killer bee
  1522 | D        | Killed a killer bee
  1525 | D        | Killed a killer bee
  1662 | D        | Learned a level 5 spell: Summon Forest
  1668 | D        | Killed a killer bee
  1672 | D        | Killed a killer bee
  1672 | D        | Reached skill level 15 in Stealth
  1922 | D        | Killed a killer bee
  1924 | D        | Killed a killer bee
  1926 | D        | Killed a killer bee
  1930 | D        | Killed a killer bee
  1932 | D        | Killed a killer bee
  1936 | D        | Killed a killer bee
  1938 | D        | Killed a killer bee
  1940 | D        | Killed a killer bee
  1942 | D        | Killed a killer bee
  2128 | D        | Killed a killer bee
  2130 | D        | Killed a killer bee
  2140 | D        | Killed a killer bee
  2141 | D        | Killed a killer bee
  2145 | D        | Killed a killer bee
  2150 | D        | Killed a killer bee
  2152 | D        | Killed a killer bee
  2163 | D        | Killed a killer bee
  2163 | D        | Reached skill level 5 in Conjurations
  2209 | D        | Killed a killer bee
  2209 | D        | Reached XP level 10. HP: 44/44 MP: 1/24
  2372 | D        | Killed a killer bee
  2382 | D        | Killed a killer bee
  2432 | D        | Killed a killer bee
  2455 | D        | Killed a queen bee
  2525 | D        | Noticed a wandering mushroom
  2538 | D        | Noticed a wandering mushroom
  2543 | D        | Killed a wandering mushroom
  2543 | D        | Reached skill level 16 in Stealth
  2546 | D        | Killed a wandering mushroom
  2547 | D        | Noticed a wandering mushroom
  2547 | D        | Killed a four-headed hydra
  2552 | D        | Killed a wandering mushroom
  2557 | D        | Killed an electric eel
  2655 | D        | Lost mutation: Your magical capacity is low (-10% MP). [evolution]
  2671 | D        | Noticed a spiny frog
  2671 | D        | Noticed a komodo dragon
  2671 | D        | Noticed a spiny frog
  2678 | D        | Killed a spiny frog
  2681 | D        | Killed a komodo dragon
  2683 | D        | Killed a spiny frog
  2683 | D        | Reached skill level 15 in Dodging
  2716 | D        | Killed a seven-headed hydra
  2819 | D        | Learned a level 5 spell: Warp Weapon
  2820 | D        | Noticed a redback
  2822 | D        | Killed a redback
  2823 | D        | Noticed a brain worm
  2826 | D        | Killed a brain worm
  2826 | D        | Reached skill level 10 in Hexes
  2832 | D        | Noticed a brain worm
  2834 | D        | Killed a brain worm
  2898 | D        | Killed a yaktaur
  2937 | D        | Noticed a lindwurm
  2939 | D        | Noticed a redback
  2940 | D        | Killed a lindwurm
  2940 | D        | Reached skill level 1 in Charms
  2940 | D        | Reached skill level 1 in Summonings
  2942 | D        | Killed a redback
  2942 | D        | Reached skill level 17 in Stealth
  2948 | D        | Noticed a redback
  2949 | D        | Killed a redback
  2951 | D        | Noticed Maud
  2953 | D        | Killed Maud
  2953 | D        | Reached XP level 11. HP: 47/47 MP: 23/29
  2964 | D        | Noticed a death drake
  2967 | D        | Killed a death drake
  2974 | D        | Found a blossoming altar of Fedhas.
  2974 | D        | Noticed a spriggan
  2974 | D        | Noticed a spriggan druid
  2974 | D        | Noticed a spriggan
  2976 | D        | Killed a spriggan druid
  2977 | D        | Killed a spriggan
  2977 | D        | Reached skill level 10 in Translocations
  2978 | D        | Killed a spriggan
  3001 | D        | Noticed an anaconda
  3001 | D        | Noticed a water moccasin
  3012 | D        | HP: 2/47 [anaconda (14)]
  3035 | D        | Mangled by an anaconda

Vault maps used:
D:        dungeon_sprint_mu

Action                   |  1- 3 |  4- 6 |  7- 9 | 10-12 || total
-------------------------+-------+-------+-------+-------++-------
Melee: Dagger            |    23 |     6 |    79 |    32 ||   140
 Cast: Ensorcelled Hiber |     7 |       |    46 |    16 ||    69
       Corona            |     2 |       |       |       ||     2
       Dazzling Spray    |       |     1 |     4 |     1 ||     6
       Confuse           |       |       |     4 |     6 ||    10
       Phase Shift       |       |       |       |     1 ||     1
Invok: Shadow Step       |       |       |     2 |     1 ||     3
  Use: Potion            |     5 |       |     2 |       ||     7
       Scroll            |     4 |       |       |       ||     4
 Stab: Sleeping          |     6 |     6 |    35 |    18 ||    65
       Confused          |       |       |     2 |       ||     2
       Held in net/web   |       |       |     2 |       ||     2
       Invisible         |       |       |     1 |       ||     1
  Eat: Bread ration      |       |       |       |     1 ||     1
